 Dungeon Sprint DCSS version 0.18-a0-119-g02a7081 (webtiles) character file.

13100000 hexophile the Axe Maniac (level 27, -137/273 HPs)
             Began as a Ghoul Warper on Nov 19, 2015.
             Was the Champion of Makhleb.
             Annihilated by a fleshlord
             ... wielding a +9 great mace
              (347 damage)
             ... in the Dungeon (Sprint VIII: "Arena of Blood").
             The game lasted 00:03:00 (131 turns).

hexophile the Axe Maniac (Ghoul Warper)              Turns: 131, Time: 00:03:00

Health: -137/273   AC:  6    Str: 19    XL:     27
Magic:  45/53      EV: 21    Int: 17    God:    Makhleb [******]
Gold:   0          SH:  0    Dex:  8    Spells: 1 memorised, 79 levels left

rFire  . . .     SeeInvis +     k - +∞ Axe of Woe
rCold  + . .     Clarity  .     a - +0 leather armour
rNeg   + + +     SustAt   .     (shield currently unavailable)
rPois  ∞         Gourm    .     (no helmet)
rElec  .         Spirit   .     (no cloak)
rCorr  .         Warding  .     (no gloves)
rMut   .         NoTele   +     (no boots)
MR     ++...                    (no amulet)
Stlth  +++++++++.               (no ring)
                                l - ring of see invisible {SInv}

@: rotting, very resistant to hostile enchantments, incredibly stealthy
A: rotting body, claws 1, carnivore 3, cold resistance 1, negative energy
resistance 3, slow regeneration 1, torment resistance, unbreathing
a: Minor Destruction, Lesser Servant of Makhleb, Major Destruction, Greater
Servant of Makhleb, Renounce Religion


You were in the Dungeon.
You worshipped Makhleb.
Makhleb was exalted by your worship.
You were not hungry.

You visited 1 branch


Innate Abilities, Weirdness & Mutations

Your body is rotting away.
You thrive on raw meat.
You are immune to poison.
You have sharp fingernails.
You are carnivorous and can eat meat at any time.
Your flesh is cold resistant.
You are immune to negative energy.
You regenerate slowly when monsters are visible.
You are immune to unholy pain and torment.
You can survive without breathing.

Inventory:

Hand Weapons
 k - the +∞ Axe of Woe (weapon)
   (You found it in the Dungeon)
Missiles
 d - 5 tomahawks of dispersal (quivered)
Armour
 a - a +0 leather armour (worn)
Jewellery
 l - a ring of see invisible (left claw) {SInv}
Scrolls
 c - 2 scrolls of blinking
Potions
 f - a potion of curing
 g - a potion of heal wounds
 h - a potion of haste
 i - 2 potions of magic
 j - a potion of berserk rage
Books
 b - a book of Spatial Translocations

   Spells                             Type                      Level
   a - Apportation                    Translocation                1
   b - Blink                          Translocation                2
   c - Shroud of Golubria             Charms/Translocation         2
   d - Portal Projectile              Translocation                3
   e - Teleport Other                 Translocation                3
   f - Passage of Golubria            Translocation                4
Comestibles
 e - a meat ration


You had 79 spell levels left.
You knew the following spells:

 Your Spells              Type           Power        Failure   Level  Hunger
z - Apportation           Tloc           #######...   0%          1    None


   Skills:
 O Level 27 Fighting
 O Level 27 Axes
 O Level 27 Throwing
 O Level 27 Armour
 O Level 27 Dodging
 O Level 27 Stealth
 O Level 27 Unarmed Combat
 O Level 27 Spellcasting
 O Level 27 Translocations
 O Level 27 Invocations

Dungeon Overview and Level Annotations

Branches:
Dungeon (1/1)

Altars:
Makhleb

Vault maps used:
D:        meatsprint
You       could see 2 accurseds, a meat beast, an eight-headed meat hydra
          (wandering), an observer (invisible), a fleshlord and 2 bags of meat.


Message History

You hear a shout!
The bag of meat shouts!
The bag of meat shouts!
You lost 11 HP.
You have now: 262/273 HP.
You hear a shout!
The accursed casts a spell at you. Something smites you!
You hear a shout!
An observer comes into view.
Things that are here:
a +9 battleaxe; a +30 ring of slaying; a meat berserker corpse You lost 10 HP.
You have now: 252/273 HP.
The fleshlord shouts!
The accursed points at you and mumbles some strange words.
Something smites you!
You hear a shout! x4
The accursed points at you and mumbles some strange words.
Something smites you!
A hell beast and a wraith come into view.
Things that are here:
a +9 war axe; a +30 ring of slaying You lost 25 HP.
You have now: 227/273 HP.
You dice the meat berserker like an onion!!!
You cleave the meat berserker in twain.
You kill the meat berserker!
Makhleb accepts your kill.
You feel better.
You hear a shout!
The accursed gestures at you while chanting.
Something smites you!
You hear a shout! x3
The fleshlord casts a spell at you.
You barely resist.
The observer pulsates ominously.
You hear a shout!
Restored 34 HP.
You have now: 261/273 HP.
You hear a shout! x4
An eight-headed meat hydra comes into view.
You hear a shout! x3
The accursed casts a spell at you. Something smites you!
You hear a shout!
The accursed casts a spell at you. Something smites you!
You hear a shout!
The meat beast bites you! The meat beast tramples you.
You hold your ground!
You hear a shout!
You lost 52 HP.
You have now: 210/273 HP.
You hear a shout!
The fleshlord hits you with a +9 great mace!!!!!!
Ouch! That really hurt!
You die...

Action                   |  1- 3 |  4- 6 |  7- 9 | 10-12 | 13-15 | 16-18 | 19-21 | 22-24 | 25-27 || total
-------------------------+-------+-------+-------+-------+-------+-------+-------+-------+-------++-------
Melee: Executioner's axe |     1 |       |       |       |     2 |     6 |     5 |     4 |    49 ||    67

Notes
Turn   | Place    | Note
--------------------------------------------------------------
     0 | D        | hexophile the Ghoul Warper began the quest for the Orb.
     0 | D        | Reached XP level 1. HP: 17/17 MP: 2/2
     3 | D        | Became a worshipper of Makhleb the Destroyer
     4 | D        | Noticed a meat berserker
     6 | D        | Noticed a meat berserker
     7 | D        | Noticed a bag of meat
     8 | D        | Noticed a meat berserker
     9 | D        | Killed a meat berserker
     9 | D        | Reached skill level 27 in Axes
     9 | D        | Reached skill level 1 in Throwing
     9 | D        | Reached skill level 1 in Armour
     9 | D        | Reached skill level 2 in Dodging
     9 | D        | Reached skill level 2 in Stealth
     9 | D        | Reached skill level 3 in Unarmed Combat
     9 | D        | Reached skill level 2 in Spellcasting
     9 | D        | Reached skill level 3 in Translocations
     9 | D        | Reached skill level 1 in Invocations
     9 | D        | Reached XP level 2. HP: 23/25 MP: 4/4
     9 | D        | Reached XP level 3. HP: 27/30 MP: 5/5
     9 | D        | Reached XP level 4. HP: 33/37 MP: 6/6
     9 | D        | Reached XP level 5. HP: 39/44 MP: 7/7
     9 | D        | Reached XP level 6. HP: 44/50 MP: 8/8
     9 | D        | Reached XP level 7. HP: 49/56 MP: 9/9
     9 | D        | Reached XP level 8. HP: 54/62 MP: 10/10
     9 | D        | Reached XP level 9. HP: 59/68 MP: 11/11
     9 | D        | Reached XP level 10. HP: 65/75 MP: 12/12
     9 | D        | Reached XP level 11. HP: 70/81 MP: 13/13
     9 | D        | Reached XP level 12. HP: 76/88 MP: 14/14
     9 | D        | Reached XP level 13. HP: 80/93 MP: 15/15
     9 | D        | Noticed a bag of meat
    10 | D        | Killed a meat berserker
    10 | D        | Reached * piety under Makhleb
    10 | D        | Reached skill level 9 in Fighting
    10 | D        | Reached skill level 7 in Throwing
    10 | D        | Reached skill level 7 in Armour
    10 | D        | Reached skill level 7 in Dodging
    10 | D        | Reached skill level 9 in Stealth
    10 | D        | Reached skill level 9 in Unarmed Combat
    10 | D        | Reached skill level 6 in Spellcasting
    10 | D        | Reached skill level 7 in Translocations
    10 | D        | Reached skill level 8 in Invocations
    10 | D        | Reached XP level 14. HP: 98/118 MP: 15/23
    11 | D        | Killed a meat berserker
    11 | D        | Reached skill level 11 in Fighting
    11 | D        | Reached skill level 9 in Throwing
    11 | D        | Reached skill level 9 in Armour
    11 | D        | Reached skill level 10 in Dodging
    11 | D        | Reached skill level 12 in Stealth
    11 | D        | Reached skill level 11 in Unarmed Combat
    11 | D        | Reached skill level 9 in Spellcasting
    11 | D        | Reached skill level 10 in Translocations
    11 | D        | Reached skill level 11 in Invocations
    11 | D        | Reached XP level 15. HP: 124/132 MP: 15/27
    11 | D        | Killed a bag of meat
    11 | D        | Reached ** piety under Makhleb
    11 | D        | Reached skill level 12 in Fighting
    11 | D        | Reached skill level 10 in Throwing
    11 | D        | Reached skill level 10 in Armour
    11 | D        | Reached skill level 11 in Dodging
    11 | D        | Reached skill level 13 in Stealth
    11 | D        | Reached skill level 12 in Unarmed Combat
    11 | D        | Reached skill level 10 in Spellcasting
    11 | D        | Reached skill level 11 in Translocations
    11 | D        | Reached skill level 12 in Invocations
    11 | D        | Reached XP level 16. HP: 130/141 MP: 15/29
    12 | D        | Noticed a bag of meat
    12 | D        | Noticed a bag of meat
    13 | D        | Noticed a bag of meat
    13 | D        | Killed a bag of meat
    13 | D        | Reached skill level 13 in Fighting
    13 | D        | Reached skill level 11 in Throwing
    13 | D        | Reached skill level 11 in Armour
    13 | D        | Reached skill level 14 in Stealth
    13 | D        | Reached skill level 13 in Unarmed Combat
    13 | D        | Reached skill level 13 in Invocations
    14 | D        | Noticed a bag of meat
    15 | D        | Noticed a bag of meat
    15 | D        | Noticed a meat berserker
    17 | D        | Noticed a bag of meat
    18 | D        | Noticed a bag of meat
    18 | D        | Killed a bag of meat
    18 | D        | Reached *** piety under Makhleb
    18 | D        | Reached skill level 14 in Fighting
    18 | D        | Reached skill level 12 in Throwing
    18 | D        | Reached skill level 12 in Armour
    18 | D        | Reached skill level 12 in Dodging
    18 | D        | Reached skill level 15 in Stealth
    18 | D        | Reached skill level 14 in Unarmed Combat
    18 | D        | Reached skill level 11 in Spellcasting
    18 | D        | Reached skill level 12 in Translocations
    18 | D        | Reached skill level 14 in Invocations
    19 | D        | Noticed a meat berserker
    20 | D        | Noticed a meat berserker
    24 | D        | Noticed a meat berserker
    24 | D        | Killed a meat berserker
    24 | D        | Reached skill level 16 in Fighting
    24 | D        | Reached skill level 13 in Throwing
    24 | D        | Reached skill level 13 in Armour
    24 | D        | Reached skill level 13 in Dodging
    24 | D        | Reached skill level 17 in Stealth
    24 | D        | Reached skill level 16 in Unarmed Combat
    24 | D        | Reached skill level 12 in Spellcasting
    24 | D        | Reached skill level 14 in Translocations
    24 | D        | Reached skill level 15 in Invocations
    24 | D        | Reached XP level 17. HP: 73/158 MP: 17/32
    24 | D        | Killed a meat berserker
    24 | D        | Reached **** piety under Makhleb
    24 | D        | Reached skill level 17 in Fighting
    24 | D        | Reached skill level 14 in Throwing
    24 | D        | Reached skill level 14 in Armour
    24 | D        | Reached skill level 15 in Dodging
    24 | D        | Reached skill level 18 in Stealth
    24 | D        | Reached skill level 17 in Unarmed Combat
    24 | D        | Reached skill level 13 in Spellcasting
    24 | D        | Reached skill level 15 in Translocations
    24 | D        | Reached skill level 17 in Invocations
    24 | D        | Reached XP level 18. HP: 161/170 MP: 17/34
    25 | D        | Killed a bag of meat
    25 | D        | Reached skill level 18 in Fighting
    25 | D        | Reached skill level 15 in Throwing
    25 | D        | Reached skill level 15 in Armour
    25 | D        | Reached skill level 19 in Stealth
    25 | D        | Reached skill level 18 in Unarmed Combat
    25 | D        | Reached skill level 14 in Spellcasting
    28 | D        | Noticed a bag of meat
    30 | D        | Noticed a meat berserker
    30 | D        | Killed a meat berserker
    30 | D        | Reached skill level 19 in Fighting
    30 | D        | Reached skill level 16 in Throwing
    30 | D        | Reached skill level 16 in Armour
    30 | D        | Reached skill level 16 in Dodging
    30 | D        | Reached skill level 20 in Stealth
    30 | D        | Reached skill level 19 in Unarmed Combat
    30 | D        | Reached skill level 15 in Spellcasting
    30 | D        | Reached skill level 16 in Translocations
    30 | D        | Reached skill level 19 in Invocations
    31 | D        | Noticed a destroyer
    31 | D        | Noticed a bag of meat
    31 | D        | Noticed a bag of meat
    31 | D        | Noticed a destroyer
    32 | D        | Noticed a large bag of meat
    32 | D        | Noticed a bag of meat
    32 | D        | Noticed a bag of meat
    32 | D        | Noticed a bag of meat
    32 | D        | Noticed a bag of meat
    32 | D        | Noticed a bag of meat
    32 | D        | Noticed a bag of meat
    32 | D        | Noticed a bag of meat
    33 | D        | Noticed a meat berserker
    33 | D        | Noticed a bag of meat
    33 | D        | Noticed a meat berserker
    33 | D        | Noticed a bag of meat
    33 | D        | Noticed a large bag of meat
    33 | D        | Noticed a bag of meat
    33 | D        | Noticed a destroyer
    34 | D        | Noticed a meat berserker
    34 | D        | Killed a bag of meat
    34 | D        | Reached ***** piety under Makhleb
    34 | D        | Reached skill level 17 in Dodging
    34 | D        | Reached skill level 17 in Translocations
    34 | D        | Reached XP level 19. HP: 181/183 MP: 19/37
    34 | D        | Noticed a destroyer
    35 | D        | Noticed a bag of meat
    35 | D        | Killed a bag of meat
    35 | D        | Reached skill level 20 in Fighting
    35 | D        | Reached skill level 17 in Throwing
    35 | D        | Reached skill level 17 in Armour
    35 | D        | Reached skill level 21 in Stealth
    35 | D        | Reached skill level 20 in Unarmed Combat
    35 | D        | Reached skill level 16 in Spellcasting
    35 | D        | Reached skill level 20 in Invocations
    36 | D        | Noticed a bag of meat
    36 | D        | Noticed a destroyer
    36 | D        | Noticed a sculptor of flesh
    36 | D        | Killed a meat berserker
    36 | D        | Reached skill level 21 in Fighting
    36 | D        | Reached skill level 18 in Throwing
    36 | D        | Reached skill level 18 in Armour
    36 | D        | Reached skill level 18 in Dodging
    36 | D        | Reached skill level 22 in Stealth
    36 | D        | Reached skill level 21 in Unarmed Combat
    36 | D        | Reached skill level 17 in Spellcasting
    36 | D        | Reached skill level 18 in Translocations
    36 | D        | Killed a bag of meat
    36 | D        | Reached skill level 21 in Invocations
    37 | D        | Noticed a bag of meat
    37 | D        | Noticed a bag of meat
    37 | D        | Noticed a destroyer
    38 | D        | Noticed a meat berserker
    38 | D        | Killed a destroyer
    38 | D        | Reached skill level 22 in Fighting
    38 | D        | Reached skill level 19 in Throwing
    38 | D        | Reached skill level 19 in Armour
    38 | D        | Reached skill level 19 in Dodging
    38 | D        | Reached skill level 24 in Stealth
    38 | D        | Reached skill level 22 in Unarmed Combat
    38 | D        | Reached skill level 18 in Spellcasting
    38 | D        | Reached skill level 19 in Translocations
    38 | D        | Reached skill level 22 in Invocations
    38 | D        | Reached XP level 20. HP: 185/202 MP: 20/41
    38 | D        | Killed a bag of meat
    38 | D        | Reached skill level 23 in Fighting
    38 | D        | Reached skill level 20 in Throwing
    38 | D        | Reached skill level 20 in Armour
    38 | D        | Reached skill level 20 in Dodging
    38 | D        | Reached skill level 23 in Unarmed Combat
    38 | D        | Reached skill level 20 in Translocations
    39 | D        | Noticed a bag of meat
    39 | D        | Noticed a bag of meat
    39 | D        | Killed a bag of meat
    39 | D        | Reached ****** piety under Makhleb
    39 | D        | Reached skill level 25 in Stealth
    39 | D        | Reached skill level 19 in Spellcasting
    39 | D        | Reached skill level 23 in Invocations
    39 | D        | Killed a bag of meat
    39 | D        | Reached XP level 21. HP: 209/213 MP: 20/43
    39 | D        | Killed a meat berserker
    39 | D        | Reached skill level 24 in Fighting
    39 | D        | Reached skill level 21 in Throwing
    39 | D        | Reached skill level 21 in Armour
    39 | D        | Reached skill level 21 in Dodging
    39 | D        | Reached skill level 26 in Stealth
    39 | D        | Reached skill level 24 in Unarmed Combat
    39 | D        | Reached skill level 21 in Translocations
    39 | D        | Reached skill level 24 in Invocations
    40 | D        | Killed a bag of meat
    40 | D        | Reached skill level 20 in Spellcasting
    40 | D        | Killed a meat berserker
    40 | D        | Reached skill level 25 in Fighting
    40 | D        | Reached skill level 22 in Throwing
    40 | D        | Reached skill level 22 in Armour
    40 | D        | Reached skill level 22 in Dodging
    40 | D        | Reached skill level 27 in Stealth
    40 | D        | Reached skill level 25 in Unarmed Combat
    40 | D        | Reached skill level 22 in Translocations
    40 | D        | Reached skill level 25 in Invocations
    40 | D        | Reached XP level 22. HP: 224/227 MP: 21/45
    40 | D        | Killed a destroyer
    40 | D        | Reached skill level 26 in Fighting
    40 | D        | Reached skill level 23 in Throwing
    40 | D        | Reached skill level 23 in Armour
    40 | D        | Reached skill level 23 in Dodging
    40 | D        | Reached skill level 26 in Unarmed Combat
    40 | D        | Reached skill level 21 in Spellcasting
    40 | D        | Reached skill level 23 in Translocations
    40 | D        | Reached skill level 26 in Invocations
    41 | D        | Noticed a sculptor of flesh
    41 | D        | Noticed a meat berserker
    41 | D        | Noticed a destroyer
    41 | D        | Killed a bag of meat
    41 | D        | Killed a bag of meat
    41 | D        | Reached skill level 27 in Fighting
    41 | D        | Reached skill level 27 in Unarmed Combat
    41 | D        | Reached skill level 22 in Spellcasting
    41 | D        | Reached skill level 24 in Translocations
    41 | D        | Reached skill level 27 in Invocations
    41 | D        | Killed a destroyer
    41 | D        | Reached skill level 25 in Throwing
    41 | D        | Reached skill level 25 in Armour
    41 | D        | Reached skill level 25 in Dodging
    41 | D        | Reached skill level 23 in Spellcasting
    41 | D        | Reached skill level 25 in Translocations
    41 | D        | Reached XP level 23. HP: 240/240 MP: 21/49
    41 | D        | Killed a bag of meat
    41 | D        | Killed a meat berserker
    41 | D        | Reached skill level 26 in Throwing
    41 | D        | Reached skill level 26 in Armour
    41 | D        | Reached skill level 26 in Dodging
    41 | D        | Reached skill level 24 in Spellcasting
    41 | D        | Reached skill level 26 in Translocations
    42 | D        | Noticed a bag of meat
    42 | D        | Noticed a meat berserker
    42 | D        | Noticed a destroyer
    42 | D        | Killed a bag of meat
    42 | D        | Reached skill level 25 in Spellcasting
    42 | D        | Killed a destroyer
    42 | D        | Reached skill level 27 in Throwing
    42 | D        | Reached skill level 27 in Armour
    42 | D        | Reached skill level 27 in Dodging
    42 | D        | Reached skill level 27 in Spellcasting
    42 | D        | Reached skill level 27 in Translocations
    42 | D        | Reached XP level 24. HP: 249/249 MP: 21/53
    43 | D        | Noticed a meat berserker
    43 | D        | Killed a large bag of meat
    43 | D        | Killed a bag of meat
    44 | D        | Noticed a bag of meat
    44 | D        | Noticed a sculptor of flesh
    44 | D        | Noticed a destroyer
    44 | D        | Killed a bag of meat
    44 | D        | Killed a meat berserker
    44 | D        | Killed a bag of meat
    44 | D        | Reached XP level 25. HP: 257/257 MP: 22/53
    44 | D        | Killed a meat berserker
    45 | D        | Killed a large bag of meat
    45 | D        | Killed a bag of meat
    45 | D        | Killed a destroyer
    46 | D        | Noticed a meat berserker
    46 | D        | Noticed a bag of meat
    46 | D        | Noticed a bag of meat
    46 | D        | Noticed a destroyer
    46 | D        | Killed a bag of meat
    46 | D        | Killed a bag of meat
    46 | D        | Reached XP level 26. HP: 266/266 MP: 22/53
    46 | D        | Killed a destroyer
    46 | D        | Killed a meat berserker
    47 | D        | Noticed a meat berserker
    47 | D        | Killed a bag of meat
    47 | D        | Killed a bag of meat
    47 | D        | Killed a meat berserker
    47 | D        | Reached XP level 27. HP: 273/273 MP: 22/53
    48 | D        | Noticed a meat berserker
    48 | D        | Killed a bag of meat
    48 | D        | Killed a bag of meat
    48 | D        | Killed a bag of meat
    48 | D        | Killed a destroyer
    49 | D        | Noticed a meat berserker
    49 | D        | Noticed a destroyer
    49 | D        | Killed a meat berserker
    49 | D        | Killed a destroyer
    49 | D        | Killed a sculptor of flesh
    50 | D        | Noticed a bag of meat
    50 | D        | Noticed a bag of meat
    50 | D        | Killed a destroyer
    50 | D        | Killed a meat berserker
    50 | D        | Killed a bag of meat
    50 | D        | Killed a bag of meat
    51 | D        | Noticed a meat berserker
    51 | D        | Noticed a tyrant
    52 | D        | Noticed a bag of meat
    52 | D        | Killed a meat berserker
    52 | D        | Killed a sculptor of flesh
    53 | D        | Killed a bag of meat
    55 | D        | Noticed a bag of meat
    55 | D        | Noticed a bag of meat
    55 | D        | Killed a meat berserker
    55 | D        | Killed a meat berserker
    55 | D        | Killed a bag of meat
    55 | D        | Noticed a bag of meat
    55 | D        | Noticed a bag of meat
    56 | D        | Noticed a bag of meat
    57 | D        | Noticed a meat berserker
    57 | D        | Killed a bag of meat
    57 | D        | Killed a bag of meat
    58 | D        | Killed a sculptor of flesh
    58 | D        | Killed a tyrant
    58 | D        | Killed a destroyer
    59 | D        | Noticed an eight-headed meat hydra
    59 | D        | Noticed a bag of meat
    60 | D        | Noticed a destroyer
    60 | D        | Killed a bag of meat
    60 | D        | Killed a meat berserker
    60 | D        | Killed a bag of meat
    60 | D        | Noticed a bag of meat
    61 | D        | Killed a bag of meat
    62 | D        | Noticed a dread
    62 | D        | Noticed a meat berserker
    62 | D        | Killed a meat berserker
    62 | D        | Killed a dread
    64 | D        | Noticed a meat berserker
    64 | D        | Noticed a meat berserker
    64 | D        | Noticed a large bag of meat
    64 | D        | HP: 8/273 [destroyer/+9 great sword of slicing (37)]
    65 | D        | Noticed a bag of meat
    65 | D        | Noticed a meat berserker
    65 | D        | Killed a destroyer
    65 | D        | Killed a destroyer
    66 | D        | Noticed a meat berserker
    66 | D        | Killed a meat berserker
    67 | D        | Noticed a meat beast
    68 | D        | Noticed a bag of meat
    68 | D        | Killed a meat berserker
    68 | D        | Killed a meat berserker
    68 | D        | Noticed a bag of meat
    69 | D        | Killed a bag of meat
    69 | D        | Killed a bag of meat
    70 | D        | Noticed a destroyer
    70 | D        | Killed a bag of meat
    70 | D        | Killed a meat beast
    70 | D        | Killed a meat berserker
    72 | D        | Killed a bag of meat
    72 | D        | Killed a bag of meat
    72 | D        | Killed a meat berserker
    74 | D        | Noticed a dread
    74 | D        | Noticed a meat berserker
    77 | D        | Killed a bag of meat
    78 | D        | Killed a bag of meat
    78 | D        | Killed a meat berserker
    78 | D        | Killed a bag of meat
    79 | D        | Noticed a meat beast
    79 | D        | Killed a bag of meat
    81 | D        | Noticed a meat berserker
    81 | D        | Killed a destroyer
    82 | D        | Noticed a bag of meat
    83 | D        | Killed a dread
    83 | D        | Killed a meat beast
    84 | D        | Noticed a bag of meat
    84 | D        | Noticed an accursed
    84 | D        | Noticed a tyrant
    84 | D        | Noticed a destroyer
    86 | D        | Noticed a bag of meat
    86 | D        | Killed a meat berserker
    88 | D        | Noticed an eight-headed meat hydra
    90 | D        | Killed a bag of meat
    90 | D        | Killed a destroyer
    91 | D        | Killed a bag of meat
    93 | D        | Killed an accursed
    93 | D        | Killed a nine-headed meat hydra
    94 | D        | Killed a tyrant
    95 | D        | Noticed a wretched soul
    96 | D        | Killed a large bag of meat
    97 | D        | Killed a bag of meat
   100 | D        | Noticed a meat berserker
   100 | D        | Noticed an eight-headed meat hydra
   101 | D        | Noticed an observer
   101 | D        | Noticed a destroyer
   102 | D        | Noticed a tyrant
   102 | D        | Noticed an eight-headed meat hydra
   102 | D        | Killed a wretched soul
   104 | D        | Noticed a meat berserker
   105 | D        | Noticed a sculptor of flesh
   105 | D        | Killed a meat berserker
   105 | D        | Killed a nine-headed meat hydra
   106 | D        | Noticed a meat berserker
   106 | D        | Noticed an accursed
   106 | D        | Killed a meat berserker
   109 | D        | Killed a destroyer
   110 | D        | Noticed a bag of meat
   112 | D        | Killed an eight-headed meat hydra
   113 | D        | Killed a meat berserker
   114 | D        | Killed an accursed
   115 | D        | Noticed a meat berserker
   115 | D        | Killed an observer
   116 | D        | Killed a sculptor of flesh
   117 | D        | Killed a tyrant
   118 | D        | Killed a bag of meat
   119 | D        | Noticed a bag of meat
   119 | D        | Noticed an accursed
   119 | D        | Noticed a meat berserker
   120 | D        | Killed a meat berserker
   122 | D        | Noticed a fleshlord
   122 | D        | Noticed an accursed
   123 | D        | Noticed a meat berserker
   123 | D        | Noticed a bag of meat
   124 | D        | Killed a meat berserker
   124 | D        | Killed a fleshlord
   124 | D        | Killed a bag of meat
   125 | D        | Noticed a fleshlord
   125 | D        | Noticed a bag of meat
   125 | D        | Noticed a destroyer
   125 | D        | Noticed a dread
   127 | D        | Noticed an observer
   128 | D        | Noticed a dread
   128 | D        | Noticed a meat beast
   128 | D        | Killed a meat berserker
   130 | D        | Noticed an eight-headed meat hydra
   131 | D        | Annihilated by a fleshlord

Table legend:
 A = Turns spent in this place as a percentage of turns spent in the entire game.
 B = Non-inter-level travel turns spent in this place as a percentage of non-inter-level travel turns spent in the entire game.
 C = Inter-level travel turns spent in this place as a percentage of turns spent in this place.
 D = Turns resting spent in this place as a percentage of non-inter-level travel turns spent in this place.
 E = Turns spent auto-exploring this place as a percentage of non-inter-level travel turns spent in this place.
 F = Non-inter-level travel turns spent in this place divided by the number of levels of this place that you've seen.
                   A       B       C       D       E      F
               +-------+-------+-------+-------+-------+----------------------
         Total | 100.0 | 100.0 |   0.0 |   0.0 |   0.0 | 205.0
       Dungeon | 100.0 | 100.0 |   0.0 |   0.0 |   0.0 | 205.0
               +-------+-------+-------+-------+-------+----------------------

Table legend:
 A = Kills in this place as a percentage of kills in entire the game.
 B = Kills by you in this place as a percentage of kills by you in the entire game.
 C = Kills by friends in this place as a percentage of kills by friends in the entire game.
 D = Other kills in this place as a percentage of other kills in the entire game.
 E = Experience gained in this place as a percentage of experience gained in the entire game.
 F = Experience gained in this place divided by the number of levels of this place that you have seen.
                   A       B       C       D       E      F
               +-------+-------+-------+-------+-------+----------------------
         Total | 100.0 | 100.0 |  -nan |  -nan | 100.0 | 4025187.0
       Dungeon | 100.0 | 100.0 |  -nan |  -nan | 100.0 | 4025187.0
               +-------+-------+-------+-------+-------+----------------------

Vanquished Creatures
  A hell knight (D)
  2 hell beasts (D)
  2 greater mummies (D)
  A great orb of eyes (D)
  2 wraiths (D)
  15 vampire knights (D)
  34 ogres (D)
  3 liches (D)
  3 hydras (D)
  49 orcs (D)
  A phantom (D)
  3 hill giants (D)
  4 skeletal warriors (D)
  A sea snake (D)
  A large abomination (D)
  7 small abominations (D)
  10 crawling corpses (D)
139 creatures vanquished.

Vanquished Creatures (others)
  A small abomination (D)
  3 crawling corpses (D)
4 creatures vanquished.

Grand Total: 143 creatures vanquished
